Map: King's Cove LE

Players

Probe

  • Race: Protoss Protoss
  • Spawn Location: 11:00

Denver - Winner!

  • Race: Zerg Zerg
  • Spawn Location: 5:00

Event: 2019 WCS Summer

VOD

Have the link to the VOD?

Description

Time

  • Played on: July 12, 2019, 3:24 p.m.
  • Length: 42:15

All games in this series

Show
View Real Time Build Order
Export as new Build Order

Probe Protoss 

Build Orders: 1 Gate Expand, Oracle Opening, Phoenix Opening, Carriers, Chargelot Immortal 

Get SALT Encoding   

  12  0:00  Probe  
  13  0:12  Probe  
  14  0:19  Pylon  
  14  0:24  Probe  
  15  0:31  Assimilator  
  15  0:33  Probe  
  15  0:41  Probe  
  16  0:48  Gateway  
  17  0:51  Probe  
  18  1:03  Probe  
  19  1:15  Probe  
  20  1:27  Probe  
  21  1:36  Nexus  
  21  1:43  Probe  
  21  1:45  Cybernetics Core  
  22  1:47  Assimilator  
  22  1:56  Pylon  
  22  2:00  Probe  
  23  2:11  Probe  
  23  2:12  Adept  
  24  2:19  Probe  
  26  2:24  Warp Gate  
  26  2:28  Probe, Stargate  
  28  2:40  Probe  
  28  2:42  Adept  
  31  2:45  Probe  
  32  2:52  Probe  
  32  2:53  Probe  
  34  3:03  Probe  
  34  3:05  Probe, Phoenix  
  36  3:15  Probe  
  36  3:17  Probe  
  38  3:27  Probe  
  38  3:28  Oracle  
  38  3:29  Probe  
  41  3:39  Probe  
  41  3:41  Probe  
  43  3:42  Gateway  
  43  3:43  Pylon  
  43  3:51  Probe  
  43  3:52  Assimilator  
  43  3:53  Probe  
  45  4:00  Oracle  
  45  4:03  Probe  
  45  4:05  Probe  
  50  4:15  Probe  
  51  4:17  Probe  
  51  4:19  Pylon  
  52  4:27  Robotics Facility  
  52  4:28  Probe  
  52  4:29  Probe  
  54  4:38  Adept  
  54  4:39  Adept  
  54  4:40  Probe, Pylon  
  54  4:41  Probe  
  54  4:44  Forge  
  60  4:48  Pylon  
  60  4:52  Probe  
  61  4:55  Probe  
  62  5:03  Adept x2  
  62  5:04  Probe  
  62  5:05  Pylon  
  67  5:10  Nexus  
  67  5:11  Probe, Pylon  
  68  5:16  Probe  
  69  5:23  Probe  
  69  5:24  Observer  
  69  5:26  Twilight Council  
  72  5:28  Probe  
  72  5:34  Sentry  
  72  5:35  Sentry, Probe  
  76  5:36  Immortal  
  76  5:39  Protoss Ground Weapons Level 1  
  76  5:40  Probe, Shield Battery  
  78  5:42  Pylon  
  78  5:47  Probe  
  83  5:53  Pylon  
  83  5:54  Probe  
  84  5:57  Pylon  
  84  6:00  Probe  
  85  6:06  Probe  
  85  6:07  Assimilator  
  86  6:12  Probe  
  86  6:15  Charge, Immortal  
  91  6:18  Probe  
  91  6:24  Probe  
  93  6:26  Phoenix  
  93  6:31  Gateway  
  93  6:34  Gateway  
  93  6:35  Gateway  
  95  6:41  Probe  
  95  6:42  Probe, Gateway  
  95  6:44  Gateway, Phoenix  
  95  6:45  Probe  
  98  6:53  Probe  
  98  6:54  Assimilator  
  101  6:55  Assimilator, Probe  
  101  6:58  Stargate  
  102  7:03  Immortal  
  102  7:04  Probe  
  102  7:05  Probe  
  108  7:10  Photon Cannon  
  108  7:21  Robotics Facility, Phoenix  
  110  7:27  Templar Archives  
  110  7:29  Zealot x5  
  120  7:31  Pylon  
  120  7:32  Pylon  
  120  7:35  Immortal  
  124  7:50  Pylon  
  124  7:51  Pylon  
  124  7:53  Sentry, Zealot x2  
  124  7:54  Zealot x3  
  124  7:55  Psionic Storm  
  132  8:03  Immortal  
  132  8:05  Immortal  
  132  8:12  Protoss Ground Weapons Level 2  
  140  8:29  Nexus  
  140  8:31  Pylon  
  140  8:32  High Templar x2  
  139  8:49  Immortal x2  
  139  8:54  Photon Cannon  
  139  8:55  Photon Cannon  
  147  8:56  Photon Cannon  
  147  8:57  High Templar  
  147  8:58  Shield Battery  
  149  9:03  High Templar  
  149  9:05  Zealot x4  
  149  9:06  Zealot  
  157  9:29  Observer, Immortal  
  162  9:33  Fleet Beacon  
  160  9:39  Assimilator  
  160  9:40  Zealot x5  
  160  9:42  Assimilator  
  165  9:49  High Templar  
  165  9:50  High Templar  
  167  9:53  Warp Prism  
  167  10:03  Stargate  
  167  10:05  Stargate  
  165  10:10  Carrier  
  163  10:27  Zealot x6  
  163  10:28  Zealot  
  177  10:39  Carrier  
  179  10:51  Carrier  
  179  10:54  Adept  
  183  10:58  Protoss Air Weapons Level 1  
  179  11:21  Zealot x7  
  157  11:29  Immortal x2  
  135  11:42  High Templar x5  
  139  11:58  Immortal x2  
  139  11:59  Probe x3  
  136  12:05  Nexus  
  136  12:08  Probe, High Templar x2  
  137  12:11  Probe  
  154  12:17  Pylon  
  154  12:19  Zealot  
  154  12:20  Zealot x4  
  162  12:27  Pylon  
  158  12:33  Carrier x2  
  154  12:38  Immortal x2  
  170  12:52  Carrier  
  170  12:55  Zealot  
  170  12:56  Zealot x6  
  159  13:17  High Templar x2  
  159  13:18  High Templar x2  
  159  13:19  Probe x4  
  171  13:25  Zealot x2  
  171  13:26  Zealot  
  177  13:37  Observer  
  178  13:45  Zealot  
  178  13:46  Zealot  
  180  13:48  Zealot  
  180  13:49  Zealot x3  
  180  13:53  High Templar  
  190  14:00  Carrier  
  196  14:02  Assimilator  
  196  14:04  Assimilator  
  196  14:05  Photon Cannon  
  196  14:06  Shield Battery  
  196  14:07  Photon Cannon  
  196  14:08  Photon Cannon  
  196  14:09  Shield Battery  
  196  14:12  Photon Cannon  
  196  14:16  Zealot x2  
  200  14:36  Shield Battery  
  200  14:37  Shield Battery  
  200  14:39  Shield Battery, Pylon  
  200  14:41  Shield Battery  
  200  14:47  Protoss Ground Weapons Level 3  
  192  14:55  Oracle  
  192  14:57  Mothership  
  195  15:18  Carrier  
  195  15:26  Protoss Air Weapons Level 2  
  189  15:28  Carrier  
  189  15:32  Observer x2  
  189  15:57  Warp Prism  
  189  16:03  Carrier  
  189  16:48  Carrier  
  189  16:53  High Templar  
  189  16:54  High Templar  
  197  17:14  Zealot x3  
  195  17:26  Oracle  
  194  17:35  High Templar x2  
  194  17:36  High Templar  
  198  18:23  Nexus  
  198  18:26  Pylon  
  198  18:28  Pylon  
  194  18:49  Carrier  
  194  18:50  Carrier  
  195  19:04  Nexus  
  195  19:09  Adept  
  195  19:11  Dark Shrine  
  195  19:14  Zealot x2  
  195  19:15  Protoss Shields Level 1  
  199  19:18  Photon Cannon  
  199  19:19  Photon Cannon  
  199  19:20  Photon Cannon  
  199  19:22  Photon Cannon  
  199  19:23  Pylon  
  199  19:26  Pylon  
  199  19:27  Shield Battery  
  199  19:28  Shield Battery  
  199  19:30  Shield Battery  
  199  19:36  Pylon  
  199  19:38  Pylon  
  199  19:40  Assimilator  
  199  19:43  High Templar x2  
  199  19:44  Photon Cannon  
  199  19:45  Assimilator  
  199  19:46  Photon Cannon  
  199  19:47  Photon Cannon  
  199  19:48  Stargate  
  199  19:49  Photon Cannon, Stargate  
  199  19:51  Protoss Air Weapons Level 3, Cybernetics Core  
  199  19:52  Stargate  
  199  19:58  Archon  
  191  20:10  Zealot  
  191  20:11  Zealot x3  
  199  20:21  Shadow Stride  
  199  20:41  Zealot x2  
  200  20:46  Dark Templar  
  200  20:47  Dark Templar x2  
  198  20:51  Photon Cannon  
  198  20:52  Shield Battery  
  198  20:54  Zealot  
  198  20:55  Shield Battery  
  196  20:57  Shield Battery  
  196  21:01  Photon Cannon  
  196  21:02  Photon Cannon  
  194  21:04  Observer  
  194  21:06  Observer x2  
  196  21:12  Zealot x2  
  198  21:35  Zealot  
  200  21:54  Protoss Air Armor Level 1  
  200  21:59  Photon Cannon  
  200  22:02  Photon Cannon  
  200  22:03  Photon Cannon, Pylon  
  200  22:04  Photon Cannon  
  190  22:35  Zealot x6  
  200  22:41  Photon Cannon, Nexus  
  200  22:44  Photon Cannon  
  200  22:46  Photon Cannon  
  200  22:48  Photon Cannon  
  200  22:49  Photon Cannon  
  200  22:50  Photon Cannon  
  200  22:51  Shield Battery  
  200  22:53  Shield Battery  
  200  22:56  Shield Battery  
  200  22:58  Shield Battery  
  200  23:09  Mothership  
  199  23:25  Zealot  
  199  23:26  Zealot x6  
  195  23:33  Assimilator  
  195  23:38  Photon Cannon  
  195  23:40  Pylon  
  191  23:51  Zealot x7  
  195  24:04  Assimilator  
  195  24:10  Pylon  
  195  24:29  Protoss Shields Level 2, Protoss Air Armor Level 2  
  181  24:39  Photon Cannon  
  181  24:40  Photon Cannon  
  181  24:42  Photon Cannon  
  181  24:44  Zealot x5  
  181  24:45  Zealot x2  
  195  24:59  Oracle  
  198  25:00  Nexus  
  195  25:24  Dark Templar x2  
  199  25:28  Assimilator  
  199  25:29  Pylon  
  199  26:07  Pylon  
  199  26:09  Pylon  
  199  26:15  Photon Cannon  
  199  26:16  Photon Cannon  
  197  26:18  Photon Cannon  
  197  26:20  Photon Cannon  
  197  26:23  Shield Battery  
  197  26:24  Shield Battery  
  193  26:27  Pylon  
  193  26:38  Photon Cannon  
  193  26:39  Photon Cannon x2  
  193  26:40  Photon Cannon, Archon  
  193  26:41  Observer  
  193  26:42  Photon Cannon  
  177  26:48  Carrier x3  
  195  26:56  Zealot x2  
  199  27:04  Photon Cannon  
  199  27:05  Photon Cannon, Zealot  
  199  27:06  Photon Cannon  
  199  27:08  Photon Cannon  
  200  27:09  Photon Cannon  
  200  27:33  Protoss Air Armor Level 3  
  194  27:37  Dark Templar x3  
  194  27:44  Carrier  
  196  28:13  Zealot x2  
  193  28:27  Shield Battery  
  193  28:29  Shield Battery  
  193  28:30  Observer x2  
  193  28:32  Pylon  
  187  28:42  Zealot x7  
  187  28:45  Protoss Shields Level 3  
  191  29:03  Oracle  
  191  29:04  Observer x2  
  185  29:25  Zealot x6  
  185  29:54  Zealot  
  185  29:55  Zealot x4  
  195  30:25  Zealot x3  
  195  30:26  Zealot x4  
  199  30:40  Oracle  
  196  30:42  Photon Cannon  
  196  30:45  Photon Cannon, Oracle  
  199  30:53  Mothership  
  191  31:04  High Templar x4  
  192  31:30  Zealot x3  
  192  31:42  High Templar x2, Pylon  
  192  31:43  Pylon  
  192  31:47  Pylon  
  196  31:53  Dark Templar  
  196  31:54  Dark Templar  
  200  32:08  Photon Cannon  
  200  32:10  Nexus  
  200  32:11  Pylon  
  200  32:12  Photon Cannon  
  196  32:27  Oracle  
  198  33:17  Zealot  
  200  33:46  Protoss Ground Armor Level 1  
  200  33:58  Zealot x2  
  186  34:06  Zealot x5  
  168  34:34  Zealot x7  
  165  34:39  Carrier x2  
  165  34:40  Carrier x3  
  183  34:49  Nexus  
  157  35:24  Zealot  
  157  35:25  Zealot x6  
  157  35:27  Carrier  
  167  35:28  Carrier x3  
  167  35:29  Carrier x2  
  102  35:49  Zealot x7  
  103  36:10  High Templar x7  
  117  36:14  Archon  
  117  36:15  Archon x2  
  117  36:27  Carrier  
  117  36:28  Carrier x3  
  117  36:29  Carrier x2  
  133  36:36  Nexus  
  151  36:42  High Templar  
  151  36:43  High Templar x6  
  151  36:46  Archon  
  151  36:47  Archon  
  165  36:48  Archon  
  159  36:56  Observer x2  
  159  36:58  Archon  
  161  37:02  Pylon  
  161  37:16  Carrier x2  
  161  37:17  Observer  
  161  37:19  Dark Templar  
  161  37:20  Dark Templar  
  161  37:22  Carrier  
  166  37:23  Carrier, High Templar x3  
  166  37:24  High Templar x2  
  176  37:30  Shield Battery  
  176  37:31  Shield Battery  
  176  37:33  Shield Battery  
  176  37:35  Shield Battery  
  183  37:54  Carrier  
  183  37:55  Carrier  
  189  38:12  Probe x2  
  189  38:13  Probe  
  189  38:16  Carrier  
  189  38:17  Observer  
  189  38:18  Observer  
  198  38:29  Zealot  
  198  38:50  Dark Templar  
  198  38:54  Nexus  
  200  38:57  Pylon  
  190  39:46  Zealot x5  
  193  40:16  Oracle  
  193  40:18  Probe x2  
  185  41:08  Zealot  
  185  41:09  Zealot x4  
Show
View Real Time Build Order
Export as new Build Order

Denver Zerg - Winner!

Build Orders: Hatch First, Brood Lord Corruptor 

Get SALT Encoding   

  12  0:00  Drone  
  13  0:12  Overlord  
  13  0:18  Drone  
  14  0:32  Drone x2  
  16  0:50  Hatchery  
  16  0:54  Drone  
  16  0:59  Drone  
  16  1:02  Drone  
  18  1:28  Drone  
  18  1:29  Drone  
  18  1:30  Drone, Extractor, Spawning Pool  
  19  1:43  Drone  
  20  1:50  Drone  
  21  2:01  Overlord  
  21  2:02  Drone  
  22  2:18  Queen x2  
  22  2:19  Zergling x4  
  22  2:22  Zergling x2  
  29  2:30  Metabolic Boost  
  29  2:33  Overlord  
  29  2:45  Extractor  
  29  2:47  Hatchery  
  29  2:49  Drone  
  28  2:51  Drone  
  28  2:56  Drone  
  28  2:57  Drone  
  31  3:00  Drone  
  33  3:06  Overlord  
  33  3:09  Drone  
  33  3:12  Drone  
  35  3:20  Queen  
  34  3:30  Drone x4  
  34  3:31  Drone  
  34  3:32  Extractor  
  36  3:36  Drone  
  36  3:38  Drone  
  36  3:39  Drone  
  39  3:43  Spore Crawler  
  39  3:45  Drone  
  39  3:47  Drone  
  40  3:53  Overlord  
  40  3:54  Drone  
  41  3:56  Drone  
  41  4:00  Drone x2  
  45  4:02  Drone  
  45  4:04  Drone  
  45  4:06  Drone  
  45  4:08  Drone  
  48  4:12  Drone x2  
  48  4:13  Drone  
  48  4:16  Spore Crawler  
  50  4:21  Spore Crawler  
  50  4:22  Drone x2  
  51  4:26  Queen  
  51  4:29  Drone  
  54  4:33  Overlord  
  54  4:34  Drone x2  
  54  4:37  Overlord  
  56  4:39  Drone  
  56  4:40  Drone  
  56  4:45  Lair  
  58  4:50  Overlord  
  58  4:54  Queen  
  58  4:57  Extractor, Roach Warren  
  58  4:59  Drone x2  
  61  5:00  Drone  
  61  5:04  Drone x3  
  64  5:08  Overlord  
  64  5:10  Drone x2  
  64  5:12  Zergling x4  
  64  5:13  Zergling x2  
  70  5:14  Zergling x2  
  70  5:20  Drone x3  
  70  5:25  Drone  
  70  5:31  Extractor  
  70  5:32  Drone x3  
  70  5:34  Overlord  
  72  5:37  Roach  
  72  5:38  Roach x3  
  72  5:39  Roach  
  82  5:45  Extractor  
  82  5:46  Extractor  
  82  5:49  Drone x2  
  83  5:50  Drone x2, Spire  
  83  5:51  Drone  
  84  6:02  Drone x6  
  90  6:04  Overlord  
  90  6:05  Extractor  
  90  6:06  Roach x3  
  90  6:09  Overlord  
  90  6:11  Overlord  
  95  6:13  Overlord  
  95  6:15  Glial Reconstitution  
  95  6:18  Overlord  
  95  6:21  Roach  
  95  6:22  Overlord  
  97  6:28  Drone x2  
  97  6:32  Drone x2  
  95  6:35  Roach x3  
  101  6:43  Hatchery  
  101  6:46  Roach x2  
  106  6:47  Roach  
  106  6:49  Overlord  
  106  7:04  Drone x10  
  106  7:06  Hydralisk Den  
  115  7:08  Evolution Chamber  
  115  7:09  Overseer  
  115  7:10  Queen  
  115  7:14  Queen  
  117  7:17  Drone x3  
  119  7:22  Evolution Chamber  
  118  7:31  Spore Crawler  
  118  7:33  Overlord x3  
  118  7:35  Grooved Spines  
  117  7:37  Zerg Missile Weapons Level 1  
  117  7:38  Hydralisk  
  117  7:39  Hydralisk x2  
  123  7:48  Zerg Melee Weapons Level 1  
  123  7:49  Infestation Pit  
  122  7:51  Baneling Nest  
  122  7:56  Hydralisk x5  
  131  8:03  Drone x5  
  134  8:06  Overlord  
  134  8:08  Overlord  
  134  8:11  Overlord  
  134  8:17  Hydralisk x3  
  134  8:19  Overlord  
  140  8:26  Zergling x4, Hive  
  142  8:32  Extractor  
  142  8:34  Centrifical Hooks  
  141  8:36  Hydralisk x4  
  141  8:38  Overlord  
  141  8:40  Zergling x4  
  150  8:43  Drone x3  
  150  8:44  Drone  
  151  8:52  Overlord  
  151  9:03  Drone x3  
  151  9:05  Hydralisk x3, Zergling x2  
  151  9:06  Hatchery  
  151  9:07  Overlord  
  151  9:08  Overlord  
  160  9:12  Overlord  
  160  9:14  Overlord  
  158  9:24  Hydralisk x2, Spire  
  161  9:35  Hydralisk x6  
  161  9:37  Overlord  
  172  9:41  Overlord  
  167  9:49  Zergling x2  
  167  9:50  Zergling x14  
  174  9:57  Zerg Missile Weapons Level 2  
  174  9:59  Zerg Melee Weapons Level 2  
  174  10:03  Zergling x4  
  174  10:04  Zergling x10  
  175  10:07  Muscular Augments  
  167  10:14  Zergling x6  
  167  10:15  Zergling x12  
  167  10:20  Greater Spire  
  176  10:23  Baneling x17  
  176  10:26  Zergling x2  
  176  10:27  Zergling x6  
  180  10:29  Overseer  
  180  10:40  Hydralisk x6  
  181  10:42  Drone  
  181  10:43  Drone x2  
  181  10:44  Drone x2  
  183  10:52  Hydralisk x4  
  191  10:57  Zerg Flyer Weapons Level 1  
  191  11:01  Pneumatized Carapace  
  177  11:19  Zergling x42, Hydralisk  
  161  11:35  Zergling x2  
  161  11:36  Zergling x20  
  161  11:38  Drone  
  158  11:41  Overseer  
  158  11:46  Hydralisk x6  
  165  11:55  Drone x5  
  165  11:59  Drone  
  165  12:00  Drone  
  172  12:05  Drone x3  
  175  12:11  Adrenal Glands  
  175  12:12  Drone x3  
  178  12:29  Drone x4  
  182  12:32  Zerg Missile Weapons Level 3  
  182  12:34  Hatchery, Zerg Melee Weapons Level 3  
  181  12:48  Extractor  
  181  12:51  Extractor  
  173  12:54  Spine Crawler  
  173  12:56  Spine Crawler  
  173  12:58  Infestor x8  
  146  12:59  Spine Crawler x2  
  146  13:01  Extractor  
  146  13:03  Spore Crawler  
  146  13:04  Overseer  
  156  13:06  Overseer  
  156  13:07  Corruptor x4  
  156  13:09  Overlord  
  164  13:22  Zerg Flyer Weapons Level 2  
  164  13:23  Zerg Flyer Armor Level 1  
  162  13:31  Corruptor x4  
  168  13:38  Drone  
  168  13:39  Drone  
  170  13:43  Spore Crawler  
  170  13:44  Spore Crawler x2  
  170  13:45  Spore Crawler  
  170  13:47  Spore Crawler  
  165  13:52  Brood Lord x3  
  171  14:01  Brood Lord  
  171  14:02  Brood Lord x2  
  177  14:05  Zergling x2  
  177  14:06  Zergling x4  
  180  14:16  Overseer x2  
  180  14:23  Neural Parasite  
  180  14:32  Brood Lord x2  
  180  14:33  Corruptor  
  180  14:35  Overlord  
  180  14:36  Overlord  
  186  14:39  Drone x3  
  186  14:42  Spore Crawler  
  186  14:44  Spore Crawler  
  187  14:45  Extractor  
  187  14:51  Spore Crawler  
  185  14:59  Corruptor  
  185  15:00  Corruptor x4  
  195  15:18  Hatchery  
  194  15:24  Infestor x4  
  198  15:42  Pathogen Glands  
  198  15:55  Zergling x2  
  199  16:07  Hatchery  
  196  16:24  Zergling x2  
  196  16:25  Zergling x4  
  199  16:35  Zerg Ground Armor Level 1, Zerg Flyer Armor Level 2, Zerg Flyer Weapons Level 3  
  199  16:56  Spore Crawler x2  
  199  16:57  Spore Crawler x3  
  199  16:58  Spore Crawler  
  199  16:59  Spore Crawler  
  192  17:03  Spore Crawler  
  192  17:04  Spore Crawler x2  
  192  17:05  Spore Crawler  
  188  17:24  Drone x3  
  188  17:29  Zergling x18  
  200  17:43  Hatchery  
  200  17:44  Baneling x5  
  199  17:52  Drone  
  198  18:31  Drone x3  
  198  18:33  Hatchery  
  198  18:44  Baneling x8  
  196  18:54  Burrow  
  195  19:10  Infestor x2  
  199  19:38  Spore Crawler  
  197  19:45  Zerg Flyer Armor Level 3  
  194  20:01  Infestor x5  
  194  20:04  Zergling x10  
  200  20:18  Zergling x24  
  196  20:55  Zergling x12  
  197  20:59  Overseer  
  197  21:01  Overseer  
  197  21:03  Infestor x3  
  195  21:05  Corruptor x2  
  195  21:10  Spore Crawler  
  195  21:11  Spore Crawler x2  
  197  21:13  Spore Crawler  
  195  21:28  Baneling x8  
  195  21:33  Drone  
  195  21:34  Drone x3  
  194  22:33  Zergling x2  
  194  22:34  Zergling x8  
  194  22:35  Overseer  
  199  22:56  Corruptor  
  194  23:25  Hydralisk x2, Zergling x22  
  194  23:26  Zergling x2  
  194  23:27  Zergling x14  
  194  23:56  Drone x6  
  194  24:00  Spine Crawler x2  
  194  24:01  Spine Crawler  
  197  24:03  Spine Crawler  
  197  24:04  Spine Crawler  
  195  24:14  Overlord  
  195  24:16  Extractor  
  194  24:17  Extractor  
  190  24:26  Corruptor x3  
  190  24:27  Corruptor x2  
  197  24:39  Spore Crawler  
  197  24:43  Drone x3  
  197  24:44  Spore Crawler  
  198  24:47  Spine Crawler  
  198  24:48  Spine Crawler  
  196  25:24  Baneling x8  
  196  25:25  Baneling x4  
  196  25:44  Zergling x6  
  199  25:56  Zergling x2  
  197  25:57  Zergling x16  
  199  26:13  Zerg Ground Armor Level 2  
  197  26:27  Viper, Spore Crawler  
  193  26:48  Zergling x2  
  193  26:49  Zergling x12  
  193  26:50  Baneling x8  
  200  26:56  Spore Crawler  
  200  26:58  Spore Crawler  
  200  26:59  Spore Crawler  
  200  27:01  Spore Crawler  
  196  27:45  Queen  
  196  27:47  Queen  
  200  28:08  Overseer  
  200  28:25  Hatchery, Spore Crawler  
  198  28:27  Queen  
  198  28:28  Hatchery, Queen x3, Spore Crawler  
  198  28:31  Hatchery  
  198  28:33  Extractor  
  196  28:52  Zerg Ground Armor Level 3  
  196  28:57  Zergling x2  
  196  28:58  Zergling x6  
  194  29:14  Zergling x26  
  194  29:15  Zergling x2  
  189  29:24  Hydralisk x3  
  189  29:25  Hydralisk x2  
  189  29:27  Baneling x11  
  189  29:28  Overseer  
  199  29:41  Overseer  
  199  29:44  Spore Crawler x2  
  196  29:46  Spore Crawler  
  191  30:03  Spore Crawler  
  191  30:05  Spore Crawler  
  191  30:06  Spore Crawler  
  187  30:07  Spore Crawler x2  
  187  30:08  Spore Crawler x3  
  187  30:09  Spore Crawler  
  187  30:10  Spore Crawler  
  180  30:17  Overseer  
  180  30:22  Infestor x3  
  180  30:24  Hydralisk  
  180  30:25  Hydralisk x7  
  195  30:44  Baneling x10  
  195  31:07  Zergling x18  
  199  31:21  Overseer  
  191  31:39  Zergling x32, Hydralisk  
  198  31:46  Overseer  
  198  31:47  Overseer  
  198  31:48  Overlord x9  
  198  31:49  Overseer  
  198  31:50  Overseer  
  198  32:11  Spore Crawler  
  197  32:18  Spore Crawler x2  
  197  32:19  Spore Crawler  
  191  32:29  Drone x7  
  198  32:30  Drone  
  198  32:33  Spore Crawler  
  198  32:35  Spore Crawler  
  197  32:52  Hatchery  
  196  33:18  Overseer x2  
  196  33:29  Baneling x11  
  182  34:04  Hydralisk x2, Zergling x30  
  191  34:26  Infestor x5  
  195  34:35  Zergling x10  
  195  34:37  Overseer x6  
  188  34:46  Hydralisk x6  
  183  35:27  Corruptor x9  
  191  35:33  Corruptor x5  
  197  35:42  Queen  
  191  36:08  Corruptor x4  
  199  36:17  Hatchery  
  198  36:30  Overseer  
  198  36:39  Overseer x2  
  198  36:40  Overseer x2  
  194  37:08  Spore Crawler  
  193  37:17  Infestor x3  
  193  37:21  Spore Crawler  
  198  37:23  Baneling x6  
  198  37:24  Spore Crawler  
  198  37:26  Spore Crawler x3  
  198  37:27  Spore Crawler x2  
  198  37:28  Spore Crawler x2  
  190  37:30  Spore Crawler  
  190  37:31  Spore Crawler  
  190  37:33  Spore Crawler  
  187  37:40  Brood Lord x3, Overseer  
  187  37:42  Corruptor x3  
  181  38:09  Zergling x30  
  181  38:10  Zergling x4  
  194  38:27  Infestor x3  
  198  39:04  Hatchery  
  197  39:19  Spore Crawler  
  197  39:22  Spore Crawler  
  195  39:24  Spore Crawler  
  189  39:49  Hydralisk x5  
  189  40:16  Zergling x22  
  189  40:17  Zergling x8  
  189  40:18  Zergling x8  
  189  40:19  Zergling x4  
  200  40:25  Queen  
  192  40:56  Infestor x6  
  181  41:19  Infestor  
  181  41:20  Infestor x8  
  195  41:29  Queen  
  195  41:30  Queen  
  191  41:33  Drone x4  
  191  41:34  Extractor  
Tags
 
Add a new tag
Caveats
  • Supply blocks, unpowered buildings, or Contaminate may cause inaccurate times.
  • Supply counts are checked every 10 seconds.